 Dungeon Crawl Stone Soup version 0.21.0-3-g78d12a8 (webtiles) character file.

81 Monsterracer the Skirmisher (level 4, -18/41 HPs)
             Began as a Hill Orc Ice Elementalist on Jan 17, 2018.
             Demolished by an ogre
             ... wielding a +0 giant club
              (22 damage)
             ... on level 2 of the Dungeon.
             The game lasted 00:04:26 (2085 turns).

Monsterracer the Skirmisher (HOIE)                  Turns: 2085, Time: 00:04:27

Health: -18/41     AC:  3    Str: 11    XL:     4   Next: 42%
Magic:  6/6        EV: 12    Int: 15    God:
Gold:   8          SH:  0    Dex: 11    Spells: 5/6 levels left

rFire    . . .     SeeInvis .   e - +0 dagger
rCold    . . .     Gourm    .   (no shield)
rNeg     . . .     Faith    .   a - +0 robe
rPois    .         Spirit   .   m - +0 helmet
rElec    .         Reflect  .   (no cloak)
rCorr    .         Harm     .   (no gloves)
MR       .....     Rnd*Tele +   (no boots)
Stlth    ++........             (no amulet)
HPRegen  0.13/turn              h - ring of teleportation
MPRegen  0.10/turn              (no ring)

@: no status effects
A: no striking features
a: no special abilities


You were on level 2 of the Dungeon.
You were not hungry.

You visited 1 branch of the dungeon, and saw 2 of its levels.

You collected 8 gold pieces.

Inventory:

Hand Weapons
 e - a +0 dagger (weapon)
Armour
 a - a +0 robe (worn)
 d - a +0 plate armour
 m - a +0 helmet (worn)
Jewellery
 h - a ring of teleportation (left hand)
Potions
 g - a potion of flight {unknown}
 i - a potion of curing {unknown}
 l - 2 potions of heal wounds {unknown}
Books
 b - a book of Frost

   Spells                             Type                      Level
   a - Freeze                         Ice                          1
   b - Throw Frost                    Conjuration/Ice              2
   c - Ozocubu's Armour               Charms/Ice                   3
   d - Throw Icicle                   Conjuration/Ice              4
   e - Summon Ice Beast               Ice/Summoning                4
Comestibles
 c - 3 rations


   Skills:
 + Level 4.7 Fighting
 - Level 1.5 Dodging
 - Level 1.5 Stealth
 - Level 1.5 Spellcasting
   Level 1.0 Conjurations
 - Level 2.6 Ice Magic


You had 5 spell levels left.
You knew the following spells:

 Your Spells              Type           Power        Failure   Level  Hunger
a - Freeze                Ice            #...         8%          1    ##.....


Dungeon Overview and Level Annotations

Branches:
Dungeon (2/15)

Altars:
Cheibriados
Dithmenos
Kikubaaqudgha
Yredelemnul
Zin


Message History

You closely miss the goblin. The goblin closely misses you.
You closely miss the goblin. The goblin hits you.
You hit the goblin but do no damage. The goblin barely misses you.
You barely miss the goblin. The goblin hits you but does no damage.
You closely miss the goblin. The goblin hits you but does no damage.
Casting: Freeze
Confirm with . or Enter, or press ? or * to list all spells.
Aiming: Freeze
Press: ? - help, Shift-Dir - straight line, f - goblin
Aim: a goblin You freeze the goblin.
The goblin is severely wounded.
The goblin hits you.
You take 3 damage, and have 32/41 hp.
You now have 4/6 mp.
Casting: Freeze
Confirm with . or Enter, or press ? or * to list all spells.
Aiming: Freeze
Press: ? - help, Shift-Dir - straight line, f/p - goblin
Aim: a goblin (severely wounded)
You freeze the goblin.
You kill the goblin!
Magic restored.
HP restored.
Things that are here:
an uncursed hunting sling; 15 stones; a goblin corpse; Health restored: 41 MP restored: 6
Found a robe.
k - a scroll labeled YFEFIN CEKKIMMU You see here a robe.
Found a snail-covered altar of Cheibriados.
You enter the shallow water.
Moving in this stuff is going to be slow.
The bat is too close now for your liking.
A bat is nearby!
You see here a ration.
The bat hits you but does no damage. The bat misses you.
You closely miss the bat. The bat hits you but does no damage.
The bat barely misses you. The bat hits you but does no damage.
You barely miss the bat. The bat hits you but does no damage. x2
You closely miss the bat. The bat hits you.
You take 1 damage, and have 40/41 hp.
You barely miss the bat. The bat misses you. The bat hits you.
You take 1 damage, and have 39/41 hp.
The bat misses you.
Casting: Freeze
Confirm with . or Enter, or press ? or * to list all spells.
Aiming: Freeze
Press: ? - help, Shift-Dir - straight line, f - bat
Aim: a bat You freeze the bat.
You kill the bat!
You now have 5/6 mp.
Casting: Freeze
Confirm with . or Enter, or press ? or * to list all spells.
You can't see any susceptible monsters within range! (Use Z to cast anyway.) Unknown command.
c - 3 rations (gained 1)
Found a basalt altar of Yredelemnul.
Health restored: 41; MP restored: 6 You open the door.
Found an ancient bone altar of Kikubaaqudgha.
Found a shadowy altar of Dithmenos.
You open the door.
A giant cockroach comes into view.
Found a glowing silver altar of Zin.
There is an open door here.
The helpless giant cockroach fails to defend itself.
You hit the giant cockroach.
You kill the giant cockroach!
No target in view!
There is an open door here.
There is a fountain of clear blue water here.
There is an open door here.
There is an open door here.
An ogre comes into view. It is wielding a giant club.
The ogre shouts!
An ogre is nearby!
An ogre is nearby!
Casting: Freeze
Confirm with . or Enter, or press ? or * to list all spells.
Okay, then.
There is a fountain of clear blue water here.
You closely miss the ogre. The ogre hits you with a giant club!
You take 14 damage, and have 27/41 hp.
MASSIVE DAMAGE!!
As you read the scroll labeled NILEPP NOATWESHRI, it crumbles to dust.
You feel as if something is helping you.
It was a scroll of remove curse.
The ogre hits you with a giant club!!
Ouch! That really hurt!
* * * LOW HITPOINT WARNING * * *
You take 24 damage, and have 3/41 hp.
MASSIVE DAMAGE!!
As you read the scroll labeled BULIL FIMEDWUN, it crumbles to dust.
You feel aware of your surroundings.
You sensed 7 altars.
It was a scroll of magic mapping.
As you read the scroll labeled YFEFIN CEKKIMMU, it crumbles to dust.
The creatures around you are filled with an inner flame!
It was a scroll of immolation.
The ogre hits you with a giant club!!
Ouch! That really hurt!
You die...

,,,,,*,*,*,**,,,#####§#§#g.###.#*
,,,,,*,,,........!.....gg§.#**,**
,,,,,,,,,.............#.#..##....
,,,,**,,,#.............<§........
,,>,..,,,,..............§........
###*...#####............#.......#
...##.##...##....................
8.8.#.#.8†8.#.....#..........(...
._..#.#.._..#...@.......#..###..(
8...#.#...8.##.O..#.....#.......<
...'#.#'...###....#............gg
####...#####......#..........##..
.....⌠............#.....#...#*#..
####...#####............#...###..
...'#.#'...##...........#........
8...#.#...8.#...........#........
._..#.#.._..#.....###............


You could see an ogre (inner flame).

Vanquished Creatures
  Robin (D:1)
  2 adders (D:2)
  4 dart slugs
  A leopard gecko (D:2)
  4 bats
  5 giant cockroaches
  9 goblins
  7 hobgoblins
  4 jackals (D:1)
  A frilled lizard (D:1)
  2 kobolds
  A rat (D:2)
41 creatures vanquished.

Notes
Turn   | Place    | Note
-------+----------+-------------------------------------------
     0 | D:1      | Monsterracer the Hill Orc Ice Elementalist began the quest for the Orb.
     0 | D:1      | Reached XP level 1. HP: 14/14 MP: 3/3
    68 | D:2      | HP: 6/15 [dart slug/slug dart (5)]
    69 | D:2      | Reached skill level 1 in Fighting
   267 | D:2      | HP: 8/16 [adder (2)]
   270 | D:2      | Reached skill level 2 in Fighting
   270 | D:2      | Reached XP level 2. HP: 12/25 MP: 1/4
   408 | D:2      | Reached skill level 3 in Fighting
   408 | D:2      | Reached XP level 3. HP: 23/31 MP: 0/5
   416 | D:2      | HP: 14/31 [rat (3)]
   421 | D:2      | HP: 11/31 [poisoned by an adder]
   449 | D:2      | HP: 10/31 [dart slug/slug dart (3)]
   557 | D:2      | Noticed Robin
   571 | D:1      | HP: 15/31 [goblin/dagger[Robin] (2)]
   592 | D:1      | HP: 15/31 [giant cockroach (1)]
   617 | D:1      | HP: 15/31 [dart slug (2)]
  1112 | D:1      | Reached skill level 4 in Fighting
  1569 | D:1      | Reached XP level 4. HP: 23/40 MP: 4/6
  1750 | D:1      | Killed Robin
  1990 | D:2      | Found a snail-covered altar of Cheibriados.
  2042 | D:2      | Found a basalt altar of Yredelemnul.
  2045 | D:2      | Found an ancient bone altar of Kikubaaqudgha.
  2046 | D:2      | Found a shadowy altar of Dithmenos.
  2048 | D:2      | Found a glowing silver altar of Zin.
  2065 | D:2      | Noticed an ogre
  2083 | D:2      | HP: 3/41 [ogre/giant club (24)]
  2085 | D:2      | Demolished by an ogre

Skill      XL: |  1  2  3 |
---------------+----------+-----
Fighting       | 2 3 4 |  4.7
Dodging        | |  1.5
Stealth        | |  1.5
Spellcasting   | |  1.5
Conjurations   | |  1.0
Ice Magic      | |  2.6

Action                   |  1- 3 |  4- 6 || total
-------------------------+-------+-------++-------
Melee: Unarmed           |    43 |       ||    43
       Dagger            |    49 |    20 ||    69
 Cast: Freeze            |    36 |    21 ||    57
  Use: Scroll            |     1 |     3 ||     4
 Stab: Sleeping          |     1 |     1 ||     2
  Eat: Chunk             |     3 |     2 ||     5
Armor: Robe              |    39 |    13 ||    52
Dodge: Dodged            |    85 |    27 ||   112

Vault maps used:
D:1:      lightli_arrival_flooded_house
D:2:      minmay_diamond_boxcup, kennysheep_slug_shrine,
          grunt_temple_overflow_cloverleaf, led_sif_pool, first_ration,
          doesnt_xom_only_xom, uniq_robin
